 Dungeon Crawl Stone Soup version 0.17.1-3-g152610e (webtiles) character file.

42 barb4r1an the Stinger (level 3, -7/21 HPs)
             Began as an Octopode Venom Mage on Apr 15, 2016.
             Killed from afar by Ijyb (10 damage)
             ... with a wand of frost
             ... on level 2 of the Dungeon.
             The game lasted 00:03:27 (1318 turns).

barb4r1an the Stinger (Octopode Venom Mage)         Turns: 1318, Time: 00:03:28

Health: -7/21      AC:  1    Str:  7    XL:     3   Next: 54%
Magic:  0/6        EV: 12    Int: 18    God:
Gold:   83         SH:  0    Dex: 12    Spells: 1 memorised, 5 levels left

rFire  . . .     SeeInvis .     (no weapon)
rCold  . . .     Clarity  .     (no shield)
rNeg   . . .     SustAt   .     (helmet restricted)
rPois  .         Gourm    .     (no amulet)
rElec  .         Spirit   .     (no ring)
rCorr  .         Warding  .     (no ring)
rMut   .         Stasis   .     (no ring)
MR     .....                    (no ring)
Stlth  ++++......               (no ring)
                                (no ring)
                                (no ring)
                                (no ring)

@: not resistant to hostile enchantments, stealthy
A: almost no armour, amphibious, 8 rings, constrict 8, camouflage 1, gelatinous
body 1
a: no special abilities


You were on level 2 of the Dungeon.
You were near starving.

You visited 1 branch of the dungeon, and saw 2 of its levels.

You collected 83 gold pieces.

Inventory:

Wands
 l - a wand of fireball (6)
Scrolls
 d - 3 scrolls of identify {unknown}
 e - a scroll of immolation {unknown}
 g - 2 scrolls of enchant weapon {unknown}
 j - a scroll of fear {unknown}
Potions
 c - a potion of brilliance {unknown}
 h - a potion of heal wounds {unknown}
 i - a potion of haste {unknown}
 k - a potion of magic {unknown}
Books
 a - a Young Poisoner's Handbook

   Spells                             Type                      Level
   a - Sting                          Conjuration/Poison           1
   b - Cure Poison                    Poison                       2
   c - Mephitic Cloud                 Conjuration/Poison/Air       3
   d - Olgreb's Toxic Radiance        Poison                       4
   e - Venom Bolt                     Conjuration/Poison           5
Comestibles
 b - 2 bread rations
 f - 2 slices of pizza


   Skills:
 - Level 2.0 Dodging
 + Level 3.5 Stealth
 + Level 2.3 Spellcasting
 + Level 1.5 Conjurations
 + Level 5.1 Poison Magic


You had 5 spell levels left.
You knew the following spells:

 Your Spells              Type           Power        Failure   Level  Hunger
a - Sting                 Conj/Pois      ##..         6%          1    #......


Dungeon Overview and Level Annotations

Branches:
Dungeon (2/15)

Altars:

Annotations:
D:2 Ijyb


Innate Abilities, Weirdness & Mutations

You cannot wear most types of armour.
You are amphibious.
You can wear up to eight rings at the same time.
You can use your tentacles to constrict eight enemies at once.
Your skin changes colour to match your surroundings (Stealth).
Your rubbery body absorbs attacks (AC +1).


Message History

Confirm with . or Enter, or press ? or * to list all spells.
Aiming: Sting
Press: ? - help, Shift-Dir - straight line, f/p - Ijyb
Aim: Ijyb, carrying a wand of frost {zapped: 2} (lightly wounded)
The sting hits Ijyb.
Ijyb is poisoned.
Ijyb is lightly wounded.
Ijyb zaps a wand.
The puff of frost misses you.
Ijyb zaps a wand.
The puff of frost hits you!
Ijyb zaps a wand.
The puff of frost hits you!
* * * LOW HITPOINT WARNING * * *
Casting: Sting
Confirm with . or Enter, or press ? or * to list all spells.
Aiming: Sting
Press: ? - help, Shift-Dir - straight line, f/p - Ijyb
Aim: Ijyb, carrying a wand of frost {zapped: 5} (lightly wounded, poisoned)
The sting hits Ijyb.
Ijyb looks even sicker.
Ijyb is moderately wounded.
Ijyb screams, "I no like you!"
Ijyb zaps a wand.
The puff of frost hits you!
You die...

########
##...@..##
##.....>..##
#..........#
#..........#
#..........#
#.......g..####
#..............
####............
#...g.......####
#####


You could see Ijyb.

Vanquished Creatures
  An adder (D:2)
  2 worms
  2 giant geckos
  4 giant cockroaches
  3 hobgoblins (D:1)
  A ball python (D:1)
  2 bats (D:1)
  4 giant newts (D:1)
  2 goblins
  3 kobolds (D:1)
  5 rats
29 creatures vanquished.

Notes
Turn   | Place    | Note
--------------------------------------------------------------
     0 | D:1      | barb4r1an the Octopode Venom Mage began the quest for the Orb.
     0 | D:1      | Reached XP level 1. HP: 11/11 MP: 3/3
   341 | D:1      | Reached skill level 5 in Poison Magic
   343 | D:1      | Reached XP level 2. HP: 17/17 MP: 0/5
   516 | D:1      | Reached skill level 1 in Conjurations
  1051 | D:2      | Noticed Ijyb
  1072 | D:2      | Reached XP level 3. HP: 19/21 MP: 1/6
  1318 | D:2      | Killed from afar by Ijyb

Action                   || total
-------------------------++-------
Melee: Unarmed           ||     1
 Cast: Sting             ||    58
